[ AOE2 MATCH · #482994505 ]
UnrankedBurmese vs Britons
[ REPLAY ANALYSIS · EXTRACTED FROM THE RECORDED GAME ]
Feudal
8:21
Castle
—
Imperial
—
| APM avg | 16.3 |
| APM peak | 30 |
| eAPM avg | 14.5 |
| Villagers / military | 22 / 111 |
Focus
⚔️ 56.4% · 🌾 43.6%
Battle Elephant ×90 · Arambai ×20 · Monk ×1
Feudal
9:58
Castle
—
Imperial
—
| APM avg | 14.0 |
| APM peak | 35 |
| eAPM avg | 10.0 |
| Villagers / military | 4 / 183 |
Focus
⚔️ 70.0% · 🌾 30.0%
Scout Cavalry ×115 · Leitis ×67 · Monk ×1
Feudal
10:31
Castle
—
Imperial
—
| APM avg | 27.3 |
| APM peak | 73 |
| eAPM avg | 13.1 |
| Villagers / military | 13 / 181 |
Focus
⚔️ 70.1% · 🌾 29.9%
Plumed Archer ×86 · Skirmisher ×75 · Petard ×13 · Trebuchet (Packed) ×7
Feudal
7:59
Castle
—
Imperial
—
| APM avg | 46.7 |
| APM peak | 98 |
| eAPM avg | 24.4 |
| Villagers / military | 11 / 354 |
Focus
⚔️ 69.9% · 🌾 30.1%
Knight ×326 · Trebuchet (Packed) ×28
Feudal
9:06
Castle
—
Imperial
—
| APM avg | 41.7 |
| APM peak | 104 |
| eAPM avg | 33.7 |
| Villagers / military | 75 / 89 |
Focus
⚔️ 39.6% · 🌾 60.4%
Longbowman ×83 · Trebuchet (Packed) ×6
Match map
Resources at game start + every placement click. Thick line = wall · dashed box = detected house wall. 🟡 gold · ⚪ stone · 🟢 berries · 🔶 boar · ⭕ relic
Inputs per minute
— 喜多川海梦 - - 家恒
Build order — 喜多川海梦
98 actions detected in the replay
| 0:09 | Build | House |
| 0:18 | Build | House |
| 0:21 | Build | House |
| 0:23 | Build | House |
| 0:26 | Build | House |
| 0:30 | Create | Villager (Male) ×5 |
| 0:32 | Create | Villager (Male) ×5 |
| 0:32 | Create | Villager (Male) ×5 |
| 0:32 | Create | Villager (Male) ×5 |
| 0:54 | Build | Market |
| 1:14 | Build | Monastery |
| 1:25 | Build | Archery Range |
| 1:26 | Build | Archery Range |
| 1:52 | Create | Monk |
| 2:24 | Build | Market |
| 2:44 | Build | Castle |
| 2:53 | Build | Town Center |
| 3:01 | Create | Villager (Male) |
| 3:01 | Create | Villager (Male) |
| 3:39 | Build | Stable |
| 3:40 | Build | Stable |
| 3:41 | Build | Stable |
| 4:02 | Research | Manipur Cavalry |
| 4:18 | Research | Manipur Cavalry |
| 4:29 | Build | House |
| 4:29 | Build | House |
| 4:30 | Build | House |
| 4:31 | Build | House |
| 4:35 | Build | House |
| 4:35 | Build | House |
| 4:37 | Build | House |
| 4:38 | Build | House |
| 4:38 | Build | House |
| 4:39 | Build | House |
| 4:50 | Research | Husbandry |
| 5:11 | Research | Imperial Age |
| 5:23 | Build | Blacksmith |
| 5:34 | Create | Arambai ×5 |
| 5:35 | Create | Arambai ×5 |
| 5:35 | Create | Arambai ×5 |
| 5:35 | Create | Arambai ×5 |
| 6:01 | Build | University |
| 6:21 | Build | Stable |
| 6:25 | Build | Stable |
| 6:28 | Build | Stable |
| 7:00 | Build | House |
| 7:01 | Build | House |
| 7:02 | Build | House |
| 7:04 | Build | House |
| 7:04 | Build | House |
| 7:22 | Build | Castle |
| 7:53 | Build | Farm |
| 8:07 | Create | Battle Elephant ×5 |
| 8:08 | Create | Battle Elephant ×5 |
| 8:08 | Create | Battle Elephant ×5 |
| 8:08 | Create | Battle Elephant ×5 |
| 8:08 | Create | Battle Elephant ×5 |
| 8:09 | Create | Battle Elephant ×5 |
| 8:09 | Create | Battle Elephant ×5 |
| 8:09 | Create | Battle Elephant ×5 |
| 8:09 | Create | Battle Elephant ×5 |
| 8:10 | Create | Battle Elephant ×5 |
| 8:21 | Age | Feudal Age |
| 8:48 | Build | House |
| 8:49 | Build | House |
| 8:54 | Build | House |
| 8:55 | Build | House |
| 9:32 | Build | Stable |
| 9:33 | Build | Stable |
| 9:34 | Build | Stable |
| 10:20 | Build | Castle |
| 10:51 | Research | Iron Casting |
| 10:51 | Research | Bodkin Arrow |
| 10:51 | Research | Chain Mail Armor |
| 10:52 | Research | Chain Barding Armor |
| 10:58 | Research | Chemistry |
| 10:58 | Research | Ballistics |
| 10:59 | Research | Treadmill Crane |
| 10:59 | Research | Masonry |
| 11:02 | Research | Fortified Wall (upgrade) |
| 11:05 | Research | Elite Arambai (upgrade) |
| 11:17 | Research | Spies/Treason |
| 11:22 | Research | Conscription |
| 11:41 | Research | Elite Battle Elephant (upgrade) |
| 12:21 | Build | Lumber Camp |
| 13:09 | Research | Howdah |
| 13:15 | Research | Blast Furnace |
| 13:16 | Research | Bracer |
| 14:48 | Create | Battle Elephant ×5 |
| 14:48 | Create | Battle Elephant ×5 |
| 14:49 | Create | Battle Elephant ×5 |
| 14:49 | Create | Battle Elephant ×5 |
| 14:49 | Create | Battle Elephant ×5 |
| 14:49 | Create | Battle Elephant ×5 |
| 14:49 | Create | Battle Elephant ×5 |
| 14:50 | Create | Battle Elephant ×5 |
| 15:17 | Research | Plate Mail Armor |
| 15:17 | Research | Plate Barding Armor |
Build order — 家恒
93 actions detected in the replay
| 0:07 | Build | Stone Wall |
| 0:10 | Build | Stone Wall |
| 0:14 | Build | Stone Wall |
| 0:21 | Build | Building 490 |
| 0:23 | Create | Villager (Male) |
| 0:24 | Create | Villager (Male) |
| 0:24 | Create | Villager (Male) |
| 0:26 | Build | House |
| 0:38 | Build | Town Center |
| 0:40 | Create | Villager (Male) |
| 1:02 | Build | Castle |
| 1:18 | Build | Stable |
| 1:20 | Build | Monastery |
| 1:58 | Build | University |
| 2:06 | Build | Blacksmith |
| 3:14 | Build | Castle |
| 3:23 | Research | Fortified Wall (upgrade) |
| 3:53 | Research | Treadmill Crane |
| 3:59 | Research | Iron Casting |
| 4:02 | Research | Bodkin Arrow |
| 4:02 | Research | Leather Archer Armor |
| 4:12 | Build | House |
| 4:13 | Build | House |
| 4:14 | Build | House |
| 4:14 | Build | House |
| 4:16 | Build | House |
| 4:16 | Build | House |
| 4:32 | Build | Mining Camp |
| 4:40 | Research | Ballistics |
| 5:23 | Create | Monk |
| 5:28 | Build | Mining Camp |
| 5:43 | Research | Iron Casting |
| 5:44 | Research | Chain Barding Armor |
| 6:48 | Research | Imperial Age |
| 7:11 | Build | Stable |
| 7:13 | Build | Stable |
| 7:13 | Build | Stable |
| 7:14 | Build | Stable |
| 7:17 | Build | Stable |
| 7:22 | Build | Stable |
| 8:42 | Research | Light Cavalry (upgrade) |
| 8:42 | Research | Husbandry |
| 9:13 | Build | House |
| 9:14 | Build | House |
| 9:30 | Create | Scout Cavalry ×5 |
| 9:31 | Create | Scout Cavalry ×5 |
| 9:31 | Create | Scout Cavalry ×5 |
| 9:32 | Create | Scout Cavalry ×5 |
| 9:32 | Create | Scout Cavalry ×5 |
| 9:33 | Create | Scout Cavalry ×5 |
| 9:58 | Age | Feudal Age |
| 10:08 | Research | Winged Hussar (upgrade) |
| 10:48 | Build | Castle |
| 10:59 | Create | Scout Cavalry ×5 |
| 11:00 | Create | Scout Cavalry ×5 |
| 11:13 | Build | Archery Range |
| 11:14 | Build | Archery Range |
| 12:44 | Create | Scout Cavalry ×5 |
| 12:45 | Create | Scout Cavalry ×5 |
| 12:45 | Create | Scout Cavalry ×5 |
| 12:46 | Create | Scout Cavalry ×5 |
| 12:46 | Create | Scout Cavalry ×5 |
| 12:46 | Create | Scout Cavalry ×5 |
| 12:48 | Create | Scout Cavalry ×5 |
| 12:48 | Create | Scout Cavalry ×5 |
| 12:48 | Create | Scout Cavalry ×5 |
| 12:49 | Create | Scout Cavalry ×5 |
| 13:31 | Create | Leitis ×5 |
| 13:32 | Create | Leitis ×5 |
| 13:32 | Create | Leitis ×5 |
| 13:32 | Create | Leitis ×5 |
| 13:33 | Create | Leitis ×5 |
| 13:33 | Create | Leitis ×5 |
| 13:33 | Create | Leitis ×5 |
| 13:34 | Create | Leitis ×5 |
| 13:34 | Create | Leitis ×5 |
| 14:34 | Create | Leitis ×5 |
| 14:34 | Create | Leitis |
| 14:55 | Create | Scout Cavalry ×5 |
| 14:55 | Create | Scout Cavalry ×5 |
| 14:55 | Create | Scout Cavalry ×5 |
| 14:56 | Create | Scout Cavalry ×5 |
| 14:56 | Create | Scout Cavalry ×5 |
| 15:20 | Create | Leitis ×4 |
| 15:26 | Research | Chemistry |
| 16:00 | Research | Plate Barding Armor |
| 16:01 | Research | Chain Mail Armor |
| 16:25 | Create | Leitis ×5 |
| 16:25 | Create | Leitis |
| 16:52 | Research | Bracer |
| 16:53 | Research | Ring Archer Armor |
| 17:17 | Create | Leitis ×5 |
| 17:18 | Create | Leitis |
Build order — 早战我记你一辈子
145 actions detected in the replay
| 0:15 | Build | Castle |
| 0:19 | Create | Villager (Male) |
| 0:19 | Create | Villager (Male) |
| 0:19 | Create | Villager (Male) |
| 0:19 | Create | Villager (Male) |
| 0:20 | Create | Villager (Male) |
| 0:20 | Create | Villager (Male) |
| 0:20 | Create | Villager (Male) |
| 0:33 | Build | House |
| 0:33 | Build | House |
| 0:34 | Build | House |
| 0:35 | Build | House |
| 0:35 | Build | House |
| 0:36 | Build | House |
| 0:46 | Create | Villager (Male) |
| 0:46 | Create | Villager (Male) |
| 0:47 | Create | Villager (Male) |
| 0:47 | Create | Villager (Male) |
| 0:47 | Create | Villager (Male) |
| 0:47 | Create | Villager (Male) |
| 1:53 | Build | Castle |
| 2:07 | Create | Plumed Archer |
| 2:08 | Create | Plumed Archer |
| 2:08 | Create | Plumed Archer |
| 2:08 | Create | Plumed Archer |
| 2:08 | Create | Plumed Archer |
| 2:09 | Create | Plumed Archer |
| 2:09 | Create | Plumed Archer |
| 2:09 | Create | Plumed Archer |
| 2:09 | Create | Plumed Archer |
| 2:10 | Create | Plumed Archer |
| 2:10 | Create | Plumed Archer |
| 2:10 | Create | Plumed Archer |
| 2:10 | Create | Plumed Archer |
| 2:39 | Create | Petard |
| 2:39 | Create | Petard |
| 2:39 | Create | Petard |
| 2:40 | Create | Petard |
| 3:18 | Create | Plumed Archer ×2 |
| 3:18 | Create | Plumed Archer ×2 |
| 3:51 | Build | Mining Camp |
| 4:01 | Build | Blacksmith |
| 4:06 | Build | University |
| 4:27 | Build | House |
| 4:28 | Build | House |
| 4:28 | Build | House |
| 4:29 | Build | House |
| 4:29 | Build | House |
| 4:30 | Build | House |
| 4:43 | Research | Imperial Age |
| 5:38 | Build | House |
| 5:39 | Build | House |
| 5:39 | Build | House |
| 5:40 | Build | House |
| 5:41 | Build | House |
| 6:18 | Research | Murder Holes |
| 6:21 | Research | Fortified Wall (upgrade) |
| 6:25 | Research | Ballistics |
| 6:29 | Research | Masonry |
| 6:35 | Research | Leather Archer Armor |
| 6:37 | Research | Chain Mail Armor |
| 6:38 | Research | Iron Casting |
| 6:39 | Research | Bodkin Arrow |
| 6:51 | Build | Barracks |
| 7:06 | Build | Market |
| 8:29 | Create | Petard |
| 8:29 | Create | Petard |
| 8:30 | Create | Petard |
| 8:31 | Create | Petard |
| 8:44 | Research | Stone Shaft Mining |
| 8:50 | Build | House |
| 8:50 | Build | House |
| 9:13 | Build | Archery Range |
| 9:14 | Build | Archery Range |
| 9:14 | Build | Archery Range |
| 9:15 | Build | Archery Range |
| 9:15 | Build | Archery Range |
| 9:33 | Research | Town Patrol |
| 9:45 | Research | Squires |
| 10:21 | Create | Petard |
| 10:21 | Create | Petard |
| 10:21 | Create | Petard |
| 10:22 | Create | Petard |
| 10:22 | Create | Petard |
| 10:31 | Age | Feudal Age |
| 10:37 | Research | Tech 27 |
| 10:39 | Research | Conscription |
| 10:42 | Research | Tech 4 |
| 10:44 | Research | Hoardings |
| 10:52 | Research | Hulche Javelineers |
| 10:54 | Create | Trebuchet (Packed) |
| 10:54 | Create | Trebuchet (Packed) |
| 10:55 | Create | Trebuchet (Packed) |
| 10:56 | Create | Trebuchet (Packed) |
| 11:10 | Build | Castle |
| 14:04 | Create | Trebuchet (Packed) |
| 14:04 | Create | Trebuchet (Packed) |
| 14:05 | Create | Plumed Archer |
| 14:05 | Create | Plumed Archer |
| 14:05 | Create | Plumed Archer |
| 14:06 | Create | Plumed Archer |
| 14:43 | Research | Bracer |
| 14:45 | Research | Ring Archer Armor |
| 14:48 | Research | Blast Furnace |
| 14:49 | Research | Plate Mail Armor |
| 14:54 | Research | Elite Skirmisher (upgrade) |
| 14:56 | Research | Thumb Ring |
| 14:59 | Research | Crossbowman (upgrade) |
| 15:08 | Create | Trebuchet (Packed) |
| 15:09 | Create | Plumed Archer |
| 15:09 | Create | Plumed Archer |
| 15:09 | Create | Plumed Archer |
| 15:10 | Create | Plumed Archer |
| 15:10 | Create | Plumed Archer |
| 15:10 | Create | Plumed Archer |
| 15:10 | Create | Plumed Archer |
| 15:11 | Create | Plumed Archer ×5 |
| 15:11 | Create | Plumed Archer ×5 |
| 15:11 | Create | Plumed Archer ×5 |
| 15:11 | Create | Plumed Archer ×5 |
| 15:12 | Create | Plumed Archer ×5 |
| 15:12 | Create | Plumed Archer ×5 |
| 15:12 | Create | Plumed Archer ×5 |
| 15:13 | Create | Plumed Archer ×5 |
| 16:21 | Create | Plumed Archer ×5 |
| 16:21 | Create | Plumed Archer ×5 |
| 16:21 | Create | Plumed Archer ×5 |
| 16:22 | Create | Plumed Archer |
| 16:22 | Create | Plumed Archer |
| 16:24 | Create | Plumed Archer |
| 16:39 | Create | Skirmisher ×5 |
| 16:39 | Create | Skirmisher ×5 |
| 16:39 | Create | Skirmisher ×5 |
| 16:40 | Create | Skirmisher ×5 |
| 16:40 | Create | Skirmisher ×5 |
| 16:40 | Create | Skirmisher ×5 |
| 16:40 | Create | Skirmisher ×5 |
| 16:41 | Create | Skirmisher ×5 |
| 16:41 | Create | Skirmisher ×5 |
| 16:41 | Create | Skirmisher ×5 |
| 16:41 | Create | Skirmisher ×5 |
| 16:42 | Create | Skirmisher ×5 |
| 16:42 | Create | Skirmisher ×5 |
| 16:42 | Create | Skirmisher ×5 |
| 16:42 | Create | Skirmisher ×5 |
Build order — LB_小小leo
First 150 of 178 actions detected
| 0:05 | Build | Stable |
| 0:05 | Build | Stable |
| 0:05 | Build | Stable |
| 0:05 | Build | Stable |
| 0:16 | Build | Castle |
| 0:21 | Create | Villager (Male) |
| 0:22 | Create | Villager (Male) |
| 0:23 | Create | Villager (Male) |
| 0:23 | Create | Villager (Male) |
| 0:38 | Build | Stone Wall |
| 0:41 | Build | Stone Wall |
| 0:43 | Build | Stone Wall |
| 0:44 | Build | Stone Wall |
| 0:45 | Build | Stone Wall |
| 1:00 | Build | Building 490 |
| 1:02 | Create | Villager (Male) |
| 1:03 | Create | Villager (Male) |
| 1:05 | Create | Knight |
| 1:07 | Create | Knight ×5 |
| 1:07 | Create | Knight ×5 |
| 1:17 | Build | Blacksmith |
| 1:28 | Build | Stable |
| 1:28 | Build | Stable |
| 1:28 | Build | Stable |
| 1:35 | Create | Villager (Male) |
| 1:35 | Create | Villager (Male) |
| 1:56 | Build | Castle |
| 2:02 | Research | Chain Barding Armor |
| 2:03 | Research | Iron Casting |
| 2:07 | Create | Knight ×5 |
| 2:07 | Create | Knight ×5 |
| 2:07 | Create | Knight ×5 |
| 2:07 | Create | Knight ×5 |
| 2:09 | Research | Husbandry |
| 2:22 | Create | Knight ×5 |
| 2:23 | Create | Knight ×5 |
| 2:23 | Create | Knight ×5 |
| 2:23 | Create | Knight ×5 |
| 2:45 | Create | Knight ×5 |
| 2:45 | Create | Knight ×5 |
| 2:45 | Create | Knight ×5 |
| 2:50 | Build | Stable |
| 2:50 | Build | Stable |
| 2:50 | Build | Stable |
| 2:50 | Build | Stable |
| 3:01 | Build | House |
| 3:02 | Build | House |
| 3:02 | Build | House |
| 3:02 | Build | House |
| 3:02 | Build | House |
| 3:02 | Build | House |
| 3:02 | Build | House |
| 3:16 | Build | Monastery |
| 3:45 | Build | Stone Wall |
| 4:11 | Build | Town Center |
| 4:24 | Create | Villager (Male) |
| 4:25 | Create | Villager (Male) |
| 4:25 | Create | Villager (Male) |
| 4:33 | Create | Knight ×5 |
| 4:33 | Create | Knight ×5 |
| 4:33 | Create | Knight ×5 |
| 4:39 | Research | Imperial Age |
| 4:42 | Build | House |
| 4:42 | Build | House |
| 4:42 | Build | House |
| 4:42 | Build | House |
| 4:42 | Build | House |
| 4:43 | Build | House |
| 4:43 | Build | House |
| 4:49 | Build | Stable |
| 4:49 | Build | Stable |
| 4:57 | Build | Castle |
| 5:11 | Build | Stone Wall |
| 5:23 | Build | Castle |
| 5:32 | Build | Stable |
| 5:33 | Build | Stable |
| 5:33 | Build | Stable |
| 5:33 | Build | Stable |
| 5:33 | Build | Stable |
| 5:37 | Build | House |
| 5:37 | Build | House |
| 5:37 | Build | House |
| 5:37 | Build | House |
| 5:37 | Build | House |
| 5:37 | Build | House |
| 5:38 | Build | House |
| 5:51 | Research | Leather Archer Armor |
| 5:51 | Research | Bodkin Arrow |
| 5:58 | Build | University |
| 6:08 | Build | Stone Wall |
| 6:16 | Build | Stable |
| 6:17 | Build | Stable |
| 6:17 | Build | Stable |
| 6:28 | Build | Stable |
| 6:28 | Build | Stable |
| 6:29 | Build | Stable |
| 6:40 | Create | Knight ×5 |
| 6:40 | Create | Knight ×5 |
| 6:40 | Create | Knight ×5 |
| 6:41 | Create | Knight ×5 |
| 7:15 | Build | House |
| 7:15 | Build | House |
| 7:15 | Build | House |
| 7:15 | Build | House |
| 7:15 | Build | House |
| 7:16 | Build | House |
| 7:16 | Build | House |
| 7:16 | Build | House |
| 7:26 | Build | Castle |
| 7:40 | Build | Stone Wall |
| 7:59 | Age | Feudal Age |
| 8:37 | Research | Cavalier (upgrade) |
| 8:41 | Research | Chivalry |
| 8:43 | Research | Conscription |
| 9:04 | Build | Building 490 |
| 9:15 | Create | Trebuchet (Packed) |
| 9:15 | Create | Trebuchet (Packed) |
| 9:18 | Create | Trebuchet (Packed) |
| 9:18 | Create | Trebuchet (Packed) |
| 9:41 | Create | Knight ×5 |
| 9:41 | Create | Knight ×5 |
| 9:41 | Create | Knight ×5 |
| 9:41 | Create | Knight ×5 |
| 9:42 | Create | Knight ×5 |
| 10:00 | Research | Paladin (upgrade) |
| 10:14 | Build | Stone Wall |
| 10:55 | Build | Stone Wall |
| 11:06 | Create | Trebuchet (Packed) |
| 11:06 | Create | Trebuchet (Packed) |
| 11:06 | Create | Trebuchet (Packed) |
| 11:10 | Create | Trebuchet (Packed) |
| 11:39 | Research | Blast Furnace |
| 11:40 | Research | Plate Barding Armor |
| 12:32 | Create | Knight ×5 |
| 12:32 | Create | Knight ×5 |
| 12:32 | Create | Knight ×5 |
| 12:33 | Create | Knight ×5 |
| 12:33 | Create | Knight ×5 |
| 13:02 | Research | Fortified Wall (upgrade) |
| 13:28 | Create | Knight ×5 |
| 13:29 | Create | Knight ×5 |
| 13:29 | Create | Knight ×5 |
| 14:38 | Create | Knight ×5 |
| 14:38 | Create | Knight ×5 |
| 14:38 | Create | Knight ×5 |
| 14:39 | Create | Knight ×5 |
| 14:39 | Create | Knight ×5 |
| 14:39 | Create | Knight ×5 |
| 14:39 | Create | Knight ×5 |
| 15:29 | Create | Trebuchet (Packed) ×5 |
Build order — Tsukitech
First 150 of 199 actions detected
| 0:21 | Build | Town Center |
| 0:24 | Create | Villager (Male) |
| 0:24 | Create | Villager (Male) |
| 0:24 | Create | Villager (Male) |
| 0:25 | Create | Villager (Male) |
| 0:25 | Create | Villager (Male) |
| 0:33 | Build | House |
| 1:11 | Build | Town Center |
| 1:14 | Create | Villager (Male) |
| 1:24 | Create | Villager (Male) |
| 1:24 | Create | Villager (Male) |
| 1:25 | Create | Villager (Male) |
| 1:25 | Create | Villager (Male) |
| 1:25 | Create | Villager (Male) |
| 1:25 | Create | Villager (Male) |
| 1:26 | Create | Villager (Male) |
| 1:26 | Create | Villager (Male) |
| 1:27 | Create | Villager (Male) |
| 1:27 | Create | Villager (Male) |
| 1:44 | Build | Town Center |
| 1:50 | Create | Villager (Male) |
| 1:50 | Create | Villager (Male) |
| 1:51 | Create | Villager (Male) |
| 1:51 | Create | Villager (Male) |
| 1:51 | Create | Villager (Male) |
| 1:51 | Create | Villager (Male) |
| 1:52 | Create | Villager (Male) |
| 1:52 | Create | Villager (Male) |
| 1:52 | Create | Villager (Male) |
| 1:53 | Create | Villager (Male) |
| 1:53 | Create | Villager (Male) |
| 1:53 | Create | Villager (Male) |
| 1:54 | Create | Villager (Male) |
| 1:54 | Create | Villager (Male) |
| 1:54 | Create | Villager (Male) |
| 2:21 | Build | Town Center |
| 2:30 | Build | Town Center |
| 3:09 | Build | Castle |
| 3:27 | Build | Castle |
| 4:03 | Build | University |
| 4:12 | Build | Monastery |
| 4:19 | Build | Blacksmith |
| 4:26 | Create | Villager (Male) |
| 4:26 | Create | Villager (Male) |
| 4:26 | Create | Villager (Male) |
| 4:27 | Create | Villager (Male) |
| 4:27 | Create | Villager (Male) |
| 4:27 | Create | Villager (Male) |
| 4:27 | Create | Villager (Male) |
| 4:28 | Create | Villager (Male) |
| 4:28 | Create | Villager (Male) |
| 4:28 | Create | Villager (Male) |
| 4:28 | Create | Villager (Male) |
| 4:29 | Create | Villager (Male) |
| 4:29 | Create | Villager (Male) |
| 4:29 | Create | Villager (Male) |
| 4:30 | Create | Villager (Male) |
| 5:03 | Create | Longbowman |
| 5:03 | Create | Longbowman |
| 5:03 | Create | Longbowman |
| 5:04 | Create | Longbowman |
| 5:04 | Create | Longbowman |
| 5:04 | Create | Longbowman |
| 5:04 | Create | Longbowman |
| 5:05 | Create | Longbowman |
| 5:05 | Create | Longbowman |
| 5:05 | Create | Longbowman |
| 5:06 | Create | Longbowman |
| 5:06 | Create | Longbowman |
| 5:06 | Create | Longbowman |
| 5:07 | Create | Longbowman |
| 5:07 | Create | Longbowman |
| 5:15 | Build | Blacksmith |
| 5:18 | Research | Fortified Wall (upgrade) |
| 5:19 | Research | Ballistics |
| 5:19 | Research | Murder Holes |
| 5:21 | Research | Masonry |
| 5:21 | Research | Treadmill Crane |
| 5:34 | Build | Farm |
| 5:35 | Build | Farm |
| 5:35 | Build | Farm |
| 5:35 | Build | Farm |
| 5:35 | Build | Farm |
| 5:46 | Build | Mining Camp |
| 5:56 | Research | Imperial Age |
| 6:09 | Create | Longbowman |
| 6:09 | Create | Longbowman |
| 6:10 | Create | Longbowman |
| 6:10 | Create | Longbowman |
| 6:10 | Create | Longbowman |
| 6:10 | Create | Longbowman |
| 6:11 | Create | Longbowman |
| 6:11 | Create | Longbowman |
| 6:11 | Create | Longbowman |
| 6:12 | Create | Longbowman |
| 6:12 | Create | Longbowman |
| 6:12 | Create | Longbowman |
| 6:13 | Create | Longbowman |
| 6:13 | Create | Longbowman |
| 6:13 | Create | Longbowman |
| 6:16 | Research | Bodkin Arrow |
| 6:18 | Research | Leather Archer Armor |
| 6:35 | Build | Stone Wall |
| 6:50 | Build | Building 665 |
| 7:23 | Create | Villager (Male) |
| 7:23 | Create | Villager (Male) |
| 7:23 | Create | Villager (Male) |
| 7:24 | Create | Villager (Male) |
| 7:24 | Create | Villager (Male) |
| 7:24 | Create | Villager (Male) |
| 7:25 | Create | Villager (Male) |
| 7:25 | Create | Villager (Male) |
| 7:25 | Create | Villager (Male) |
| 7:25 | Create | Villager (Male) |
| 7:26 | Create | Villager (Male) |
| 7:26 | Create | Villager (Male) |
| 7:26 | Create | Villager (Male) |
| 7:27 | Create | Villager (Male) |
| 7:32 | Create | Villager (Male) |
| 7:33 | Create | Villager (Male) |
| 7:33 | Create | Villager (Male) |
| 7:33 | Create | Villager (Male) |
| 7:34 | Create | Villager (Male) |
| 7:34 | Create | Villager (Male) |
| 7:34 | Create | Villager (Male) |
| 7:35 | Create | Villager (Male) |
| 7:35 | Create | Villager (Male) |
| 7:35 | Create | Villager (Male) |
| 7:35 | Create | Villager (Male) |
| 7:36 | Create | Villager (Male) |
| 7:36 | Create | Villager (Male) |
| 7:36 | Create | Villager (Male) |
| 7:37 | Create | Villager (Male) |
| 8:40 | Build | House |
| 8:41 | Build | House |
| 8:41 | Build | House |
| 8:43 | Build | House |
| 8:43 | Build | House |
| 8:44 | Build | House |
| 8:45 | Build | House |
| 8:49 | Build | House |
| 8:50 | Build | House |
| 8:52 | Build | House |
| 8:54 | Build | House |
| 8:55 | Build | House |
| 9:06 | Age | Feudal Age |
| 9:08 | Build | House |
| 9:11 | Research | Elite Longbowman (upgrade) |
| 9:13 | Research | Warwolf |
| 9:14 | Research | Yeomen |
Match timeline
| 0:05 | LB_小小leo · first_building Stable |
| 0:07 | 家恒 · wall_segment Stone Wall x4 |
| 0:10 | 家恒 · wall_segment Stone Wall x4 |
| 0:14 | 家恒 · wall_segment Stone Wall x3 |
| 0:15 | 早战我记你一辈子 · first_building Castle |
| 0:16 | LB_小小leo · first_building Castle |
| 0:38 | LB_小小leo · wall_segment Stone Wall x2 |
| 0:41 | LB_小小leo · wall_segment Stone Wall x6 |
| 0:43 | LB_小小leo · wall_segment Stone Wall x1 |
| 0:44 | LB_小小leo · wall_segment Stone Wall x1 |
| 0:45 | LB_小小leo · wall_segment Stone Wall x1 |
| 1:02 | 家恒 · first_building Castle |
| 1:14 | 喜多川海梦 · first_building Monastery |
| 1:18 | 家恒 · first_building Stable |
| 1:20 | 家恒 · first_building Monastery |
| 1:25 | 喜多川海梦 · first_building Archery Range |
| 2:44 | 喜多川海梦 · first_building Castle |
| 3:09 | Tsukitech · first_building Castle |
| 3:16 | LB_小小leo · first_building Monastery |
| 3:39 | 喜多川海梦 · first_building Stable |
| 3:45 | LB_小小leo · wall_segment Stone Wall x1 |
| 4:12 | Tsukitech · first_building Monastery |
| 5:11 | LB_小小leo · wall_segment Stone Wall x5 |
| 6:08 | LB_小小leo · wall_segment Stone Wall x1 |
| 6:35 | Tsukitech · wall_segment Stone Wall x21 |
| 6:51 | 早战我记你一辈子 · first_building Barracks |
| 7:40 | LB_小小leo · wall_segment Stone Wall x1 |
| 7:59 | LB_小小leo · age_up feudal |
| 8:21 | 喜多川海梦 · age_up feudal |
| 9:06 | Tsukitech · age_up feudal |
| 9:13 | 早战我记你一辈子 · first_building Archery Range |
| 9:58 | 家恒 · age_up feudal |
| 10:07 | Tsukitech · wall_segment Stone Wall x6 |
| 10:14 | LB_小小leo · wall_segment Stone Wall x2 |
| 10:31 | 早战我记你一辈子 · age_up feudal |
| 10:55 | LB_小小leo · wall_segment Stone Wall x5 |
| 11:13 | 家恒 · first_building Archery Range |
| 11:43 | Tsukitech · wall_segment Stone Wall x9 |
| 17:42 | 家恒 · resign |
[ AI ANALYSIS · 1 CREDIT ]
What really happened in this match?
Wolo.gg analyzes every decision: build order, eco, micro, common mistakes by bracket. Personalized analysis on WhatsApp or Discord in 30 seconds.
Civ guide
Burmese
Map guide
海瑞杯团队岛屿1V1 (Scenario)
Perfil
喜多川海梦